 Dungeon Crawl Stone Soup version 0.28-a0-723-g095bd1b44f (webtiles) character file.

Game seed: 1577694439488662152

6 ytrimaz the Grave Robber (level 1, 0/13 HPs)
             Began as a Demonspawn Necromancer on Oct 25, 2021.
             Slain by a bat (1 damage)
             ... on level 1 of the Dungeon.
             The game lasted 00:00:20 (162 turns).

ytrimaz the Grave Robber (Demonspawn Necromancer)    Turns: 162, Time: 00:00:21

Health: 0/13       AC:  2    Str:  8    XL:     1   Next: 75%
Magic:  2/3        EV: 12    Int: 16    God:
Gold:   0          SH:  0    Dex: 13    Spells: 3/4 levels left

rFire   . . .      SeeInvis .   (no weapon)
rCold   . . .      Faith    .   (no shield)
rNeg    . . .      Spirit   .   a - +0 robe
rPois   .          Reflect  .   (no helmet)
rElec   .          Harm     .   (no cloak)
rCorr   .          Rampage  .   (no gloves)
Will    .....                   (no boots)
Stlth   ++........              (no amulet)
HPRegen 0.04/turn               (no ring)
MPRegen 0.08/turn               (no ring)

@: no status effects
A: no striking features
a: no special abilities


You were on level 1 of the Dungeon.
You visited 1 branch of the dungeon, and saw 1 of its levels.

Inventory:

Armour
 a - a +0 robe (worn)
Scrolls
 b - a scroll of fog {unknown}
Potions
 c - a potion of curing {unknown}
 d - a potion of brilliance {unknown}


   Skills:
 - Level 1.7 Dodging
 - Level 1.7 Stealth
 + Level 2.0 Spellcasting
 + Level 4.7 Necromancy


You had 3 spell levels left.
You knew the following spells:

 Your Spells              Type           Power      Damage    Failure   Level
a - Pain                  Necr           64%        1d7       3%          1

Your spell library contained the following spells:

 Spells                   Type           Power      Damage    Failure   Level
 Animate Skeleton         Necr           32%        N/A       3%          1
 Vampiric Draining        Necr           8%         2d7       9%          3
 Animate Dead             Necr           8%         N/A       28%         4
 Agony                    Necr           16%        N/A       63%         5


Dungeon Overview and Level Annotations

Branches:
Dungeon (1/15)

Altars:


Message History

The hobgoblin shouts!
You hear a shout!
The hobgoblin writhes in agony.
A rat comes into view.
You are too depleted to draw on your mana recklessly!
You are too depleted to draw on your mana recklessly!
The hobgoblin closely misses you.
There are monsters nearby!
The hobgoblin writhes in agony.
The hobgoblin hits you.
You are too injured to fight recklessly!
Unknown command.
You are too injured to fight recklessly!
Sorry, you're not good enough to have a special ability.
Casting: Pain (safe; 3% risk of failure)
Confirm with . or Enter, or press ? or * to list all spells.
Aiming: Pain (safe; 3% risk of failure)
Press: ? - help, Shift-Dir - straight line, f/p - hobgoblin
Aim: a hobgoblin (heavily wounded, chance to affect: 87%)
The hobgoblin writhes in agony.
You kill the hobgoblin!
A hobgoblin comes into view.
The hobgoblin shouts!
A bat comes into view.
A dart slug comes into view.
The hobgoblin barely misses you. The bat hits you but does no damage.
Found 9 gold pieces.
The bat closely misses you. The hobgoblin hits you.
* * * LOW HITPOINT WARNING * * *
A bat comes into view.
The hobgoblin barely misses you. The bat hits you but does no damage.
The bat misses you. The bat barely misses you. The bat barely misses you. x2
You miss the bat. The bat hits you but does no damage.
The hobgoblin barely misses you. The bat closely misses you.
The dart slug barely misses you. The bat barely misses you.
The bat hits you but does no damage. x2; The bat closely misses you.
The bat hits you.
* * * LOW HITPOINT WARNING * * *
A rat comes into view.
Found a robe.
The bat barely misses you. The bat hits you.
You die...

...#... ##....$##...#
#.#.###...
#...........#...(. #....
............#.#.# ##...
[.............### .#...
r...........###.###.#...
........................
.........gw.............
......b@b.r.K......#####
#...................## #
##............#####..###
#...##..###### ##...#
#...#..## ###.. #......#
### #...#### # #... # #


You could see a dart slug, a hobgoblin, 2 bats, a kobold and 2 rats.

Vanquished Creatures
  A giant cockroach (D:1)
  3 hobgoblins (D:1)
  A rat (D:1)
5 creatures vanquished.

Notes
Turn   | Place    | Note
-------+----------+-------------------------------------------
     0 | D:1      | ytrimaz the Demonspawn Necromancer began the quest for the
                  | Orb.
     0 | D:1      | Reached XP level 1. HP: 13/13 MP: 3/3
   162 | D:1      | Slain by a bat

Illustrated notes

Levels and vault maps discovered:
D:1:      onia_arrival_mini_spirals, layout_rooms, minmay_liquid_box,
          minmay_indecisive_spiral

Action                   || total
-------------------------++-------
Melee: Unarmed           ||     1
 Cast: Pain              ||     7
Armor: Robe              ||     5
Dodge: Dodged            ||    14

Table legend: (Time is in decaauts)
 A = Elapsed time spent in this place.
 B = Non-inter-level travel time spent in this place.
 C = Inter-level travel time spent in this place.
 D = Time resting spent in this place.
 E = Time spent auto-exploring this place.
 F = Levels seen in this place.
 G = Mean time per level.
                   A        B        C        D        E       F      G
               +--------+--------+--------+--------+--------+-----+--------+
         Total |    162 |    162 |      0 |      0 |     99 |   1 |  162.0 |
       Dungeon |    162 |    162 |      0 |      0 |     99 |   1 |  162.0 |
               +--------+--------+--------+--------+--------+-----+--------+

Top non-repeatable levels by time:
     D:1: 162 daAuts
